Cogmind - Beta 16 @@@ ROGUE MODE // 2025.11.02 @ 06:03:23 Player: Dosh Result: Destroyed by Y-54 Guardian with Flak Gun Performance ------------- Evolutions (3) 1500 Regions Visited (11) 2200 Robots Destroyed (238) 1190 Value Destroyed (6869) 6869 Prototype IDs (13) 260 Alien Tech Used (0) 0 Bonus (646) 646 TOTAL SCORE: 12665 Bonus ------- High Alert Combat Kills 336 Follower Combat Kills 252 Entered Garrisons 200 Friendly Fire -142 Cogmind --------- Core Integrity 0/700 Matter 65/300 Energy 100/100 System Corruption 2% Temperature Cool (6) Movement Core (700) Ox13 Location -7/Factory Parts ------- > --- POWER (1) -------- (None) > --- PROPULSION (5) --- (None) > --- UTILITY (4) ------ High-capacity Storage Unit > --- WEAPON (3) ------- (None) > --- INVENTORY (20) --- Deuterium Engine Improved Cooling System Improved Cooling System Seismic Detector Experimental Targeting Computer Weapon Cycler Transmission Jammer Medium Reactive Plating Medium Reactive Plating Hacking Suite Thief Drone Bay (3/3) Heavy Particle Gun Heavy Particle Cannon Heavy Particle Cannon Enhanced Autogun Enhanced Autogun Heavy Missile Launcher Chainsword Peak State ------------ > --- POWER ------------ Nuclear Core > --- PROPULSION ------- Aluminum Leg Carbon-fiber Leg Carbon-fiber Leg Carbon-fiber Leg Titanium Leg > --- UTILITY ---------- Improved Cooling System High-capacity Storage Unit Hardened Medium Armor Plating System Shield > --- WEAPON ----------- Enhanced Autogun Enhanced Autogun Enhanced Autogun > --- INVENTORY -------- Deuterium Engine Nuclear Core Improved Aluminum Leg Improved Cooling System Improved Cooling System Seismic Detector Experimental Targeting Computer Weapon Cycler Transmission Jammer Hardened Medium Armor Plating Improved Medium Armor Plating Hacking Suite Thief Drone Bay Heavy Particle Gun Heavy Particle Gun Heavy Particle Cannon Enhanced Autogun Enhanced Autogun Missile Launcher Axe [Rating: 46] Favorites ----------- Power Nuclear Core Engine Cooled Ion Engine Power Core Nuclear Core Propulsion Aluminum Leg Leg Aluminum Leg Utility High-capacity Storage Unit Device Hardlight Generator Storage High-capacity Storage Unit Processor Advanced Targeting Computer Hackware System Shield Protection Medium Armor Plating Weapon Advanced Beam Cannon Energy Gun Heavy Particle Gun Energy Cannon Advanced Beam Cannon Ballistic Gun Autogun Launcher Improved Grenade Launcher Slashing Weapon Axe Build | -11 -10 -10 -9 -9 -9 -8 -8 -8 -8 -8 -7 ------- Run | Yrd Mat Min Mat Min Exi Min Mat Gar Mat Sto Fac Slots Evolved 6 | . . . 2 . . . 2 . . . 2 Power . | . . . . . . . . . . . . Propulsion 3 | . . . 1 . . . 1 . . . 1 Utility 2 | . . . 1 . . . 1 . . . . Weapon 1 | . . . . . . . . . . . 1 Parts Attached 97 | 6 9 1 20 4 . . 16 3 9 16 13 Power 13 | 1 3 1 3 . . . 1 . 2 1 1 Engine 10 | 1 3 . 3 . . . 1 . 1 . 1 Core 3 | . . 1 . . . . . . 1 1 . Reactor . | . . . . . . . . . . . . Propulsion 28 | 2 1 . 7 . . . 6 1 1 4 6 Treads . | . . . . . . . . . . . . Leg 28 | 2 1 . 7 . . . 6 1 1 4 6 Wheel . | . . . . . . . . . . . . Hover . | . . . . . . . . . . . . Flight . | . . . . . . . . . . . . Utility 27 | 1 2 . 6 3 . . 6 1 4 2 2 Device 9 | . . . 1 2 . . 5 . 1 . . Storage 3 | 1 1 . 1 . . . . . . . . Processor 1 | . . . 1 . . . . . . . . Hackware 1 | . . . . . . . . . . 1 . Protection 13 | . 1 . 3 1 . . 1 1 3 1 2 Artifact . | . . . . . . . . . . . . Weapon 29 | 2 3 . 4 1 . . 3 1 2 9 4 Energy Gun 5 | 1 . . . . . . . . 1 3 . Energy Cannon 8 | . . . 3 . . . 2 1 . 2 . Ballistic Gun 9 | 1 3 . 1 . . . . . . 3 1 Ballistic Cannon . | . . . . . . . . . . . . Launcher 5 | . . . . 1 . . 1 . 1 1 1 Special Weapon . | . . . . . . . . . . . . Impact Weapon . | . . . . . . . . . . . . Slashing Weapon 2 | . . . . . . . . . . . 2 Piercing Weapon . | . . . . . . . . . . . . Special Melee Weapon . | . . . . . . . . . . . . Unidentified Prototypes 6 | . . . 2 1 . . . . . 3 . Parts Lost 38 | . 1 . 1 2 . . 4 3 5 8 14 Power 3 | . . . . . . . . . 1 1 1 Propulsion 16 | . 1 . . 1 . . 2 1 . 4 7 Utility 10 | . . . 1 1 . . . 1 3 1 3 Weapon 9 | . . . . . . . 2 1 1 2 3 Highest Loss Streak 11 | . 1 . 1 2 . . 2 2 2 3 11 To Critical Strikes . | . . . . . . . . . . . . Average Backups 15 | . 11 13 14 14 16 16 15 18 19 17 19 Power 2 | . 1 2 2 2 3 3 3 3 3 1 1 Propulsion 1 | . 1 1 1 1 1 1 . 3 4 2 1 Utility 6 | . 4 6 5 5 7 7 7 7 6 7 9 Weapon 4 | . 3 4 4 5 5 5 4 4 4 6 7 Tool/Special . | . . . . . . . . . . . . Unused Backups 28 | . 2 1 5 . . . 1 . 2 2 15 Power 2 | . 1 . . . . . . . . . 1 Propulsion 2 | . . . . . . . . . 1 . 1 Utility 12 | . . . 2 . . . 1 . . . 9 Weapon 12 | . 1 1 3 . . . . . 1 2 4 Tool/Special . | . . . . . . . . . . . . Average Slot Usage (%) 98 | . 97 100 99 99 100 100 97 99 99 96 97 Engine 6 | . 14 13 10 11 11 11 2 . 2 1 . Core 3 | . . . . . . . 6 9 6 7 6 Leg 33 | . 27 28 32 32 33 33 34 35 36 35 37 Device 11 | . . . 8 10 11 11 17 18 18 11 6 Storage 10 | . 14 14 11 11 11 11 9 9 9 9 7 Protection 10 | . 11 14 11 11 11 11 8 9 8 9 10 Energy Gun 1 | . 1 . . . . . . . 5 11 . Energy Cannon 12 | . . . 19 21 22 22 17 17 12 2 . Ballistic Gun 5 | . 26 28 2 . . . . . . 3 17 Peak Build Rating 46 | 6 13 14 22 26 23 23 37 38 40 39 46 Average Rating 27 | 4 11 13 19 21 23 23 28 36 37 36 43 On Entrance 22 | . 6 13 14 20 23 23 23 37 36 38 39 Avg Prop Armor Cover (%) 4 | . . . 5 . . . . . . 4 . Naked Turns . | . . . . . . . . . . . . Heaviest Build 76 | 12 38 38 64 68 68 68 70 72 71 68 76 Greatest Support 72 | 20 20 20 33 33 33 33 68 68 68 66 72 Greatest Overweight (x) 13 | . 3 1 2 2 2 2 3 1 1 1 13 Average Overweight (x) 1 | . . 1 1 1 2 2 1 1 1 . . Largest Inventory Capacity 20 | 8 15 15 20 20 20 20 20 20 20 20 20 Average Capacity 19 | 7 14 15 18 20 20 20 20 20 20 20 20 Most Carried 20 | 1 15 15 18 16 16 16 20 20 20 20 20 Average Carried 15 | . 11 13 14 14 16 16 15 18 19 17 19 Final Capacity 20 | 8 15 15 20 20 20 20 20 20 20 20 20 Final Carried 20 | 1 13 15 14 16 16 16 17 17 20 20 18 Class Distribution -------------------- 68% | Mutant 28% | Scavenger-Mutant 3% | Scavenger-Tank Dominant Class ---------------- Mutant | -10/Materials Mutant | -10/Mines Scavenger-Mutant | -9/Materials Mutant | -9/Mines Mutant | -9/Exiles Mutant | -8/Mines Scavenger-Mutant | -8/Materials Mutant | -8/Garrison Mutant | -8/Materials Mutant | -8/Storage Scavenger-Mutant | -7/Factory Resources | -11 -10 -10 -9 -9 -9 -8 -8 -8 -8 -8 -7 ----------- Run | Yrd Mat Min Mat Min Exi Min Mat Gar Mat Sto Fac Matter Collected 3362 | 209 736 20 500 70 . . 265 246 194 481 641 Remotely . | . . . . . . . . . . . . Salvage Created 8589 | . 819 . 1524 142 . 44 1339 1159 1105 1706 751 Parts 503 | . 53 . 79 10 . 3 87 77 53 91 50 Haulers Intercepted 22 | . 2 . 6 . . . 5 . 3 6 . Recyclers Shooed 11 | . . . 5 . . . 4 . 1 . 1 Parts Field Recycled . | . . . . . . . . . . . . Retrieved Matter . | . . . . . . . . . . . . Parts Self-Destructed . | . . . . . . . . . . . . Prevented . | . . . . . . . . . . . . Parts Restored . | . . . . . . . . . . . . Kills | -11 -10 -10 -9 -9 -9 -8 -8 -8 -8 -8 -7 ------- Run | Yrd Mat Min Mat Min Exi Min Mat Gar Mat Sto Fac Combat Hostiles Destroyed 179 | . 16 . 24 7 . 3 26 30 24 28 21 Guns 55 | . 16 . 4 . . . . . 4 13 18 Cannons 83 | . . . 20 4 . 3 18 15 16 7 . AOE 35 | . . . . 3 . . 6 13 2 8 3 Classes Destroyed 15 | . 6 . 5 . . . 1 3 . . . Worker 7 | . . . 2 . . . 1 . 1 2 1 Builder 4 | . 1 . . . . . . . 2 1 . Tunneler 1 | . . . 1 . . . . . . . . Hauler 22 | . 2 . 6 . . . 5 . 3 6 . Recycler 4 | . . . 1 . . . 1 . . 2 . Mechanic 1 | . . . . . . . 1 . . . . Operator 8 | . 3 . 1 . . . 1 . . 2 1 Watcher 11 | . 3 . 3 . . . 3 . . 1 1 Swarmer 57 | . 3 . 4 5 . 3 12 6 5 6 13 Grunt 66 | . 13 . 13 . . . 6 9 12 10 3 Duelist 1 | . . . 1 . . . . . . . . Sentry 46 | . . . 6 2 . . 8 10 6 12 2 Demolisher 1 | . . . . . . . . 1 . . . Hunter 5 | . . . . . . . . 3 1 . 1 Programmer 3 | . . . . . . . . 1 . . 2 Thug 1 | . . . 1 . . . . . . . . Best Kill Streak 9 | . 2 . 3 4 . 3 4 9 8 5 8 Combat Bots Only 9 | . 2 . 3 4 . 3 4 9 8 4 7 Max Kills in Single Turn 5 | . 1 . 2 3 . 1 4 5 2 3 2 Gunslinging . | . . . . . . . . . . . . Exploded 5 | . . . . 3 . . 4 5 1 3 2 Melee . | . . . . . . . . . . . . Uniques/NPCs Destroyed . | . . . . . . . . . . . . Combat | -11 -10 -10 -9 -9 -9 -8 -8 -8 -8 -8 -7 -------- Run | Yrd Mat Min Mat Min Exi Min Mat Gar Mat Sto Fac Hostile Shots Fired 1163 | . 69 . 108 40 . 7 90 112 113 100 524 Missed 384 | . 24 . 28 7 . 3 28 27 24 31 212 Hits 779 | . 45 . 80 33 . 4 62 85 89 69 312 Projectile 779 | . 45 . 80 33 . 4 62 85 89 69 312 Critical Strikes 16 | . 1 . . 2 . . . 2 8 1 2 Damage Taken 8942 | . 515 . 1014 320 . 15 636 1158 1277 992 3015 Core 1404 | . 69 . 145 38 . 3 59 180 106 99 705 Absorbed by Shields 773 | . . . . 72 . 16 212 208 184 28 53 Regen/Repaired (Parts) 1038 | . 173 . 233 . . . 128 . 88 416 . Core Remaining (%) 61 | 100 . 72 . . . 53 . . . 19 . Volleys Fired 629 | . 83 . 144 13 . 3 79 66 80 99 62 Largest 3 | . 2 . 2 2 . 2 2 2 2 2 3 Hottest 143 | . 70 . 136 136 . 136 136 136 137 143 100 Shots Fired 1250 | . 166 . 240 25 . 6 155 129 155 194 180 Gun 549 | . 166 . 32 . . . . . 28 146 177 Cannon 675 | . . . 208 24 . 6 152 120 121 43 1 Launcher 26 | . . . . 1 . . 3 9 6 5 2 Special . | . . . . . . . . . . . . Kinetic 382 | . 155 . 32 . . . . . . 18 177 Thermal 842 | . 11 . 208 24 . 6 152 120 149 171 1 Explosive 26 | . . . . 1 . . 3 9 6 5 2 Electromagnetic . | . . . . . . . . . . . . Robot Hit Streak 24 | . 6 . 8 3 . 2 11 8 24 16 9 Robot Miss Streak 6 | . 6 . 5 4 . 2 5 4 3 3 5 Penetration Max . | . . . . . . . . . . . . Secondary Targets 9 | . 1 . . . . . . . . 1 7 Max Gunslinging Chain 1 | . 1 . . . . . . . . 1 1 Shots Hit Robots 693 | . 87 . 122 12 . 2 99 58 100 114 99 Core Hits 325 | 2 43 . 43 7 . 3 43 40 45 56 43 Critical Kills 8 | . 1 . 2 . . . 1 2 2 . . Critical Parts Destroyed . | . . . . . . . . . . . . Critical Strikes 13 | . 1 . 2 . . . 1 2 3 4 . Burn 5 | . . . . . . . . . 1 4 . Meltdown 7 | . . . 2 . . . 1 2 2 . . Destroy 1 | . 1 . . . . . . . . . . Melee Attacks 11 | . . . . . . . . . . . 11 Impact . | . . . . . . . . . . . . Slashing 11 | . . . . . . . . . . . 11 Piercing . | . . . . . . . . . . . . Sneak Attacks 4 | . . . . . . . . . . . 4 Combat Hostiles . | . . . . . . . . . . . . Follow-up Attacks . | . . . . . . . . . . . . Damage Inflicted 17783 | 14 1205 . 2692 427 . 104 2552 2334 2849 3260 2346 Guns 5203 | . 1196 . 304 . . . . . 421 1685 1597 Cannons 8005 | . . . 2289 225 . 81 2053 1135 1638 584 . Explosions 3937 | . . . . 186 . . 452 1199 748 952 400 Melee 264 | . . . . . . . . . . . 264 Ramming 374 | 14 9 . 99 16 . 23 47 . 42 39 85 Kinetic 3125 | . 1133 . 304 . . . . . . 91 1597 Thermal 10083 | . 63 . 2289 225 . 81 2053 1135 2059 2178 . Explosive 3937 | . . . . 186 . . 452 1199 748 952 400 Electromagnetic . | . . . . . . . . . . . . Impact . | . . . . . . . . . . . . Slashing 264 | . . . . . . . . . . . 264 Piercing . | . . . . . . . . . . . . Highest Corruption 2 | . . . . . . . . 1 2 2 2 Average Corruption 1 | . . . . . . . . 1 1 2 1 Corruption Purged . | . . . . . . . . . . . . Corruption Blocked . | . . . . . . . . . . . . Effects 42 | . . . . . . . . 4 11 23 4 Message Errors 10 | . . . . . . . . 1 2 6 1 Matter Fused 10 | . . . . . . . . 1 2 6 1 Heat Flow Errors 5 | . . . . . . . . . . 4 1 Energy Discharges 3 | . . . . . . . . . 2 1 . Parts Rejected 3 | . . . . . . . . . 2 1 . Data Loss (minor) 4 | . . . . . . . . . 2 2 . Data Loss (major) 1 | . . . . . . . . 1 . . . Misfires 4 | . . . . . . . . 1 . 2 1 Alerts 1 | . . . . . . . . . 1 . . Weapon Failures 1 | . . . . . . . . . . 1 . Overload Shots . | . . . . . . . . . . . . Overflow Damage 373 | . . . 11 4 . . 43 51 27 53 184 Projectiles 44 | . . . 11 . . . 12 . . 21 . Explosions 185 | . . . . 4 . . 31 51 27 32 40 Melee 144 | . . . . . . . . . . . 144 Knockbacks 4 | . . . 1 1 . . 2 . . . . Impact 4 | . . . 1 1 . . 2 . . . . Kinetic . | . . . . . . . . . . . . Secondary . | . . . . . . . . . . . . Self-Inflicted Damage 355 | . . . . 37 . . . 176 . 27 115 Shots 9 | . . . . 1 . . . 4 . 2 2 Rammed . | . . . . . . . . . . . . Targets Rammed 64 | 4 2 . 16 3 . 3 11 . 10 5 10 Kicked 64 | 4 2 . 16 3 . 3 11 . 10 5 10 Crushed . | . . . . . . . . . . . . Highest Temperature 477 | . 222 . 477 386 . 207 224 321 225 349 130 Average Temperature 86 | . 44 . 117 156 . 109 63 41 47 133 37 Received Heat Transfer 2597 | . 267 . 354 56 . . 217 300 477 435 491 Effects 17 | . . . 12 2 . . . . 1 2 . Shutdowns 1 | . . . 1 . . . . . . . . Energy Bleed 4 | . . . 3 . . . . . 1 . . Interference 5 | . . . 2 2 . . . . . 1 . Matter Decay 4 | . . . 3 . . . . . . 1 . Short Circuit 1 | . . . 1 . . . . . . . . Damage (minor) 2 | . . . 2 . . . . . . . . Siege Activations . | . . . . . . . . . . . . Martial Activations . | . . . . . . . . . . . . Shielding Activations . | . . . . . . . . . . . . Robots Disrupted . | . . . . . . . . . . . . Combat Hostiles . | . . . . . . . . . . . . Robots Corrupted . | . . . . . . . . . . . . Combat Hostiles . | . . . . . . . . . . . . Parts Fried . | . . . . . . . . . . . . Impact Corruptions . | . . . . . . . . . . . . Robots Melted 8 | . . . 2 . . . 2 2 2 . . Combat Hostiles 5 | . . . . . . . 2 1 2 . . Parts Melted 44 | . . . 7 1 . 2 8 7 7 12 . Heat Transferred 18833 | . 185 . 4144 407 . 148 3700 2035 3848 4366 . Parts Sabotaged . | . . . . . . . . . . . . Parts Stolen . | . . . . . . . . . . . . Parts Stripped . | . . . . . . . . . . . . Power Chain Reactions . | . . . . . . . . . . . . Alert | -11 -10 -10 -9 -9 -9 -8 -8 -8 -8 -8 -7 ------- Run | Yrd Mat Min Mat Min Exi Min Mat Gar Mat Sto Fac Maximum Alert Level 3 | . . . 1 . . . 1 3 2 2 1 Low Security (%) 75 | 100 100 100 92 100 . 100 96 14 46 16 78 Level 1 17 | . . . 7 . . . 3 . 46 82 21 Level 2 3 | . . . . . . . . 34 7 . . Level 3 3 | . . . . . . . . 49 . . . Level 4 . | . . . . . . . . . . . . Level 5 . | . . . . . . . . . . . . High Security . | . . . . . . . . . . . . Max Security . | . . . . . . . . . . . . Peak Influence 987 | . 156 25 291 108 . 60 265 987 482 402 261 Initial 481 | . . 25 . 26 . . . 104 481 98 102 Average 143 | . 68 1 86 15 . 3 66 644 246 243 140 Influence Increases 6136 | . 557 . 948 204 . 60 941 953 847 982 644 Destroy 0b10 Robot/C 3780 | . 320 . 560 140 . 60 520 660 540 560 420 Destroy 0b10 Robot/NC 305 | . 45 . 70 . . . 60 . 45 70 15 Destroy Leader 866 | . 100 . 168 20 . . 136 30 146 174 92 Allied During Kill 51 | . . . 16 . . . . 20 15 . . Successful Hack 209 | . 15 . 12 . . . 56 7 16 38 65 Select Force Hacks 60 | . 30 . 30 . . . . . . . . Disable Machine 210 | . . . 60 . . . . 15 45 90 . Anti-Garrison Action 150 | . . . . . . . . 150 . . . Destroy Structure 220 | . 2 . 2 14 . . 34 71 25 50 22 Lose Combat Pursuer 285 | . 45 . 30 30 . . 135 . 15 . 30 Influence Decreases 6056 | . 492 65 879 265 8 60 781 126 1599 991 790 Entered New Map 914 | . . 40 . 43 8 . . 56 506 137 124 Time Decay 3531 | . 482 25 580 202 . 60 479 . 553 624 526 Lost Part 380 | . 10 . 10 20 . . 40 30 50 80 140 Lost Ally 83 | . . . 3 . . . . 40 40 . . Purge Threat 1148 | . . . 286 . . . 262 . 450 150 . Squads Dispatched 32 | . 5 1 6 . . . . . 7 2 11 Investigation 12 | . 2 1 4 . . . . . 2 1 2 Extermination 2 | . . . . . . . . . . . 2 Reinforcement 8 | . 3 . 2 . . . . . 1 1 1 Assault . | . . . . . . . . . . . . Garrison 10 | . . . . . . . . . 4 . 6 Intercept . | . . . . . . . . . . . . Searches Triggered . | . . . . . . . . . . . . Construction Impeded 1 | . . . . . . . . . 1 . . Haulers Reinforced . | . . . . . . . . . . . . Active Scanning Responses . | . . . . . . . . . . . . Cargo Convoy Interrupts . | . . . . . . . . . . . . Stealth | -11 -10 -10 -9 -9 -9 -8 -8 -8 -8 -8 -7 --------- Run | Yrd Mat Min Mat Min Exi Min Mat Gar Mat Sto Fac Distress Signals 24 | . 2 . 6 . . . 3 . 6 5 2 Communications Jammed . | . . . . . . . . . . . . Distress Signals . | . . . . . . . . . . . . Times Spotted 299 | . 29 . 59 10 . 3 43 34 46 41 34 Peak Tracking Total 9 | . 4 . 4 4 . 3 5 9 7 4 7 Tactical Retreats 13 | . 2 . 1 1 . . 6 . 1 . 2 Traps | -11 -10 -10 -9 -9 -9 -8 -8 -8 -8 -8 -7 ------- Run | Yrd Mat Min Mat Min Exi Min Mat Gar Mat Sto Fac Traps Triggered 15 | . 2 . 2 . . . 1 8 1 . 1 Indirectly . | . . . . . . . . . . . . Trap Hack Attempts . | . . . . . . . . . . . . Triggered . | . . . . . . . . . . . . Disarmed . | . . . . . . . . . . . . Reprogrammed . | . . . . . . . . . . . . Reused . | . . . . . . . . . . . . Traps Extracted . | . . . . . . . . . . . . Installed . | . . . . . . . . . . . . Triggered . | . . . . . . . . . . . . Machines | -11 -10 -10 -9 -9 -9 -8 -8 -8 -8 -8 -7 ---------- Run | Yrd Mat Min Mat Min Exi Min Mat Gar Mat Sto Fac Machines Disabled 16 | . . . 4 1 . . . 2 3 6 . Max in Single Turn 1 | . . . 1 1 . . . 1 1 1 . Machines Repaired . | . . . . . . . . . . . . Machines Dismantled . | . . . . . . . . . . . . Machines Sabotaged . | . . . . . . . . . . . . Overloaded Fab Kills . | . . . . . . . . . . . . Hacking | -11 -10 -10 -9 -9 -9 -8 -8 -8 -8 -8 -7 --------- Run | Yrd Mat Min Mat Min Exi Min Mat Gar Mat Sto Fac Machines Accessed 64 | . 5 1 10 1 1 . 16 2 8 12 8 Terminals 43 | . 3 . 7 . . . 12 2 6 9 4 Fabricators 1 | . . . . . . . . . . . 1 Repair Stations 6 | . 1 . 1 . . . 1 . 1 2 . Recycling Units 4 | . 1 . 1 . . . . . 1 1 . Scanalyzers 5 | . . . 1 . . . 2 . . . 2 Garrison Access 2 | . . . . . . . 1 . . . 1 Total Hacks 187 | . 16 1 33 1 1 . 51 3 23 38 20 Successful 104 | . 10 1 18 1 1 . 32 1 13 20 7 Failed 80 | . 6 . 14 . . . 18 2 10 18 12 Catastrophic 4 | . 1 . . . . . . 1 . . 2 Database Lockouts 3 | . . . 1 . . . 1 . . . 1 Manual 87 | . 12 . 11 . . . 27 . 17 18 2 Terminals 124 | . 10 . 22 . . . 38 3 21 22 8 Fabricators 1 | . . . . . . . . . . . 1 Repair Stations 30 | . 4 . 7 . . . 5 . 1 13 . Recycling Units 8 | . 2 . 2 . . . . . 1 3 . Scanalyzers 17 | . . . 2 . . . 7 . . . 8 Garrison Access 4 | . . . . . . . 1 . . . 3 Terminal Hacks 31 | . 1 1 3 1 1 . 9 1 5 6 3 Record 1 | . . . . . 1 . . . . . . Robot Schematic 1 | . 1 . . . . . . . . . . Prototype ID Bank 4 | . . . 1 . . . 3 . . . . Open Door 5 | . . 1 . 1 . . . 1 . 2 . Branch Access Points 1 | . . . . . . . . . . . 1 Terminal Index 2 | . . . . . . . 1 . . 1 . Alert Level 7 | . . . . . . . 1 . 2 2 2 Unreport Threat 8 | . . . 2 . . . 2 . 3 1 . Hauler Manifests 1 | . . . . . . . 1 . . . . Zone Layout 1 | . . . . . . . 1 . . . . Fabricator Hacks 1 | . . . . . . . . . . . 1 Network Status 1 | . . . . . . . . . . . 1 Repair Station Hacks 25 | . 4 . 6 . . . 4 . . 11 . Scan Component 13 | . 2 . 3 . . . 2 . . 6 . Repair 12 | . 2 . 3 . . . 2 . . 5 . Recycling Unit Hacks 1 | . . . . . . . . . 1 . . Retrieve Components 1 | . . . . . . . . . 1 . . Scanalyzer 9 | . . . 1 . . . 5 . . . 3 Insert Component 1 | . . . . . . . . . . . 1 Analyze 1 | . . . . . . . . . . . 1 Retrieve Study 7 | . . . 1 . . . 5 . . . 1 Garrison Access Hacks 1 | . . . . . . . 1 . . . . Unlock Access 1 | . . . . . . . 1 . . . . Unauthorized Hacks 36 | . 5 . 8 . . . 13 . 7 3 . Terminals 32 | . 4 . 7 . . . 13 . 6 2 . Botnet 8 | . 1 . 2 . . . 2 . 1 2 . Operators 2 | . . . . . . . 1 . 1 . . Skim 22 | . 3 . 5 . . . 10 . 4 . . Fabricators . | . . . . . . . . . . . . Repair Stations 1 | . . . . . . . . . 1 . . Patch 1 | . . . . . . . . . 1 . . Recycling Units 3 | . 1 . 1 . . . . . . 1 . Reject 1 | . . . . . . . . . . 1 . Tunnel 2 | . 1 . 1 . . . . . . . . Scanalyzers . | . . . . . . . . . . . . Garrison Access . | . . . . . . . . . . . . Data Cores Recovered 1 | . . . . . . . 1 . . . . Used 1 | . . . . . . . 1 . . . . Hacking Detections 51 | . 4 . 9 . . . 14 1 6 10 7 Full Trace Events 5 | . . . 1 . . . . 1 . 1 2 Feedback Events . | . . . . . . . . . . . . Feedback Blocked . | . . . . . . . . . . . . Robot Schematics Acquired 1 | . 1 . . . . . . . . . . Robots Built . | . . . . . . . . . . . . Authchips . | . . . . . . . . . . . . Time . | . . . . . . . . . . . . Total Robot Build Rating . | . . . . . . . . . . . . Part Schematics Acquired 1 | . . . . . . . . . . . 1 Parts Built . | . . . . . . . . . . . . Authchips . | . . . . . . . . . . . . Time . | . . . . . . . . . . . . Total Part Build Rating . | . . . . . . . . . . . . Part Studies Acquired 6 | . . . . . . . 5 . . . 1 Parts Repaired 12 | . 2 . 3 . . . 2 . . 5 . Time 461 | . 64 . 109 . . . 89 . . 199 . Parts Recycled . | . . . . . . . . . . . . Recycled Matter . | . . . . . . . . . . . . Retrieved Matter . | . . . . . . . . . . . . Retrieved Components 10 | . . . . . . . . . 10 . . Parts Scanalyzed 1 | . . . . . . . . . . . 1 Part Schematics Acquired 1 | . . . . . . . . . . . 1 Parts Damaged . | . . . . . . . . . . . . Bothacking | -11 -10 -10 -9 -9 -9 -8 -8 -8 -8 -8 -7 ------------ Run | Yrd Mat Min Mat Min Exi Min Mat Gar Mat Sto Fac Used RIF Installer . | . . . . . . . . . . . . Robots Hacked . | . . . . . . . . . . . . Non-combat . | . . . . . . . . . . . . Combat . | . . . . . . . . . . . . Robot Hacks Applied . | . . . . . . . . . . . . Relay Couplers Released 3 | . . . . . . . . 3 . . . Programmers 3 | . . . . . . . . 3 . . . Fabnet Peak Effective % . | . . . . . . . . . . . . Robots Rewired 5 | . . . . . . . . 5 . . . Allies Hacked . | . . . . . . . . . . . . Hacks Repelled . | . . . . . . . . . . . . Allies | -11 -10 -10 -9 -9 -9 -8 -8 -8 -8 -8 -7 -------- Run | Yrd Mat Min Mat Min Exi Min Mat Gar Mat Sto Fac Total Allies 8 | . . 3 . . . . . 5 . . . Largest Group 3 | . . 3 3 . . . . 2 3 . . Highest-Rated Group 62 | . . 40 40 . . . . 62 48 . . Highest-Rated Ally 31 | . . 16 16 . . . . 31 16 . . Initial Warlord ECA Mod 4 | . . . . . . . . . 4 4 3 Total Orders . | . . . . . . . . . . . . Ally Attacks 97 | . . . 34 . . . . 19 44 . . Total Damage 1055 | . . . 301 . . . . 291 463 . . Kills 14 | . . . 4 . . . . 3 7 . . Allies Corrupted . | . . . . . . . . . . . . Allies Melted . | . . . . . . . . . . . . Intel | -11 -10 -10 -9 -9 -9 -8 -8 -8 -8 -8 -7 ------- Run | Yrd Mat Min Mat Min Exi Min Mat Gar Mat Sto Fac Active Infowar (turns) . | . . . . . . . . . . . . Robot Analysis Total . | . . . . . . . . . . . . Derelict Logs Recovered 4 | . . 2 . 2 . . . . . . . Drone Launches . | . . . . . . . . . . . . Drone Recoveries . | . . . . . . . . . . . . Exploration | -11 -10 -10 -9 -9 -9 -8 -8 -8 -8 -8 -7 ------------- Run | Yrd Mat Min Mat Min Exi Min Mat Gar Mat Sto Fac Turns Passed 18850 | 66 1936 653 3057 1740 346 1195 3254 1390 1604 2138 1471 Spaces Moved 7850 | 46 859 341 1273 538 134 454 1337 586 683 849 750 Core 7 | 5 . . . . . . . . . . 2 Treads . | . . . . . . . . . . . . Legs 7843 | 41 859 341 1273 538 134 454 1337 586 683 849 748 Wheels . | . . . . . . . . . . . . Hover . | . . . . . . . . . . . . Flight . | . . . . . . . . . . . . Fastest Speed 50 | 50 120 190 190 190 260 260 175 185 185 115 112 Average Speed 195 | 112 184 190 192 251 260 260 197 185 185 178 164 Slowest Speed 700 | 120 330 190 260 260 260 260 315 185 186 188 700 Overloaded Moves . | . . . . . . . . . . . . Propulsion Burnouts . | . . . . . . . . . . . . Robots Hopped . | . . . . . . . . . . . . Potential Cave-ins . | . . . . . . . . . . . . Cave-ins Triggered . | . . . . . . . . . . . . Exploration Rate (%) 71 | 5 99 91 95 76 54 97 88 78 66 89 18 Regions Visited 11 Branch Regions 5 Pre-discovered Areas 12 | . 1 1 4 1 1 . 4 . . . . Known Exits Taken 5 | . . . 1 . . 1 1 . 1 1 . Unknown Exits Taken 5 | 1 1 1 . 1 1 . . . . . . Scrap Searched 4 | . . 1 . 1 . 2 . . . . . Spaces Dug 25 | . . . . . . . . 19 . . 6 Terrain Destroyed 190 | . . . . 13 . . 32 38 28 55 24 Melee 5 | . . . . . . . . . . . 5 Projectile 10 | . . . . . . . . 2 . 7 1 AOE 175 | . . . . 13 . . 32 36 28 48 18 Terrain Rammed . | . . . . . . . . . . . . Walls Destroyed . | . . . . . . . . . . . . Machines Disabled . | . . . . . . . . . . . . Actions | -11 -10 -10 -9 -9 -9 -8 -8 -8 -8 -8 -7 --------- Run | Yrd Mat Min Mat Min Exi Min Mat Gar Mat Sto Fac Total 10151 | 56 1059 347 1634 893 133 459 1776 761 856 1282 895 Wait 1239 | . 78 . 145 328 . . 303 45 51 271 18 Move 7840 | 45 858 340 1272 537 133 453 1337 585 682 848 750 Hop . | . . . . . . . . . . . . Pick Up 81 | 1 15 3 11 4 . . 9 4 12 13 9 Fast Attach 40 | 6 6 . 8 . . . 7 . 2 11 . Attach 35 | . 2 . 3 2 . . 4 3 5 10 6 Detach 8 | . 1 . . . . . . . . 6 1 Swap 84 | . 8 2 14 5 . . 15 8 7 9 16 Drop 69 | . 6 2 21 1 . . 11 1 7 10 10 Fire 629 | . 83 . 144 13 . 3 79 66 80 99 62 Melee 11 | . . . . . . . . . . . 11 Ram . | . . . . . . . . . . . . Kick 64 | 4 2 . 16 3 . 3 11 . 10 5 10 Crush . | . . . . . . . . . . . . Escape Stasis 27 | . . . . . . . . 25 . . 2 Rewire 24 | . . . . . . . . 24 . . . Trap . | . . . . . . . . . . . . Miscellaneous . | . . . . . . . . . . . . Route ------- -11/Scrapyard -10/Materials (discovered 4 exits: *Mat x3 / *Min) -10/Mines (discovered 2 exits: *Mat x2) -9/Materials (discovered 5 exits: *Mat x3 / *Min x2) -9/Mines (discovered 4 exits: *Mat x2 / *Exi / [*Zio]) -9/Exiles -8/Mines (discovered 2 exits: *Mat x2) -8/Materials (discovered 5 exits: Fac x3 / *Sto / Gar) -8/Garrison (discovered 4 exits: *Mat x4) -8/Materials (discovered 4 exits: *Fac x2 / *Sto x2) -8/Storage (discovered 2 exits: *Fac / Rec) -7/Factory (discovered 3 exits: [*Fac] / *Low x2) History --------- Turn | Location | Event 3 | -11/Scrapyard | Discovered new exit (range 16) 67 | -11/Scrapyard | Entered Materials 337 | -10/Materials | Build established: Mutant 488 | -10/Materials | Discovered new exit (range 8) 849 | -10/Materials | Discovered new exit (range 14) 1172 | -10/Materials | Discovered new exit (range 8) 1588 | -10/Materials | Discovered new exit (range 8) 1769 | -10/Materials | Repaired Hrd. Light Armor Plating 1802 | -10/Materials | Repaired Autogun 2003 | -10/Materials | Entered Mines 2079 | -10/Mines | Learned location of Zion (-7) 2211 | -10/Mines | Assisted by bots powering up and referring to "LRC-V3" 2216 | -10/Mines | Learned location of 1 exit from Materials 2422 | -10/Mines | Met a Derelict shopkeep closing up shop 2491 | -10/Mines | Found a hidden stash of uninstalled traps 2561 | -10/Mines | Discovered new exit (range 15) 2582 | -10/Mines | Discovered new exit (range 6) 2656 | -10/Mines | Entered Materials 2656 | -9/Materials | Accompanied by 3 allies 2656 | -9/Materials | Evolved 2 slots: Propulsion x1, Utility x1 2657 | -9/Materials | Identified exit to Materials 2856 | -9/Materials | Discovered new exit (range 15) 3169 | -9/Materials | Central database locked down 3173 | -9/Materials | Discovered exit to Materials (range 14) 3684 | -9/Materials | Loaded intel: 2 repair station locations 3751 | -9/Materials | Build established: Scavenger-Mutant 3775 | -9/Materials | Identified exit to Mines 3786 | -9/Materials | Learned location of Recycling (-8) 3796 | -9/Materials | Learned 4 Recycling zone layouts 4911 | -9/Materials | Repaired Imp. Aluminum Leg 4939 | -9/Materials | Repaired Aluminum Leg 4991 | -9/Materials | Repaired Cld. Ion Engine 5713 | -9/Materials | Entered Mines 5774 | -9/Mines | Learned Materials emergency access door positions 6011 | -9/Mines | Assembled infested the area 6033 | -9/Mines | Build established: Mutant 6592 | -9/Mines | A Derelict revealed a hidden shortcut to a safe place 6633 | -9/Mines | Discovered exit to Materials (range 5) 6691 | -9/Mines | Learned location of Storage (-8) 6763 | -9/Mines | Discovered new exit (range 5) 6896 | -9/Mines | Learned Materials garrison access intel 6923 | -9/Mines | Found the Drone Emporium 6932 | -9/Mines | Found Prototype Device 6933 | -9/Mines | Identified Thief Drone Bay 6952 | -9/Mines | Discovered exit to Materials (range 5) 7453 | -9/Mines | Entered Exiles 7518 | -9/Exiles | Met 8R-AWN 7560 | -9/Exiles | Met EX-HEX 7656 | -9/Exiles | Met EX-DEC 7778 | -9/Exiles | Discovered new exit (range 10) 7799 | -9/Exiles | Entered Mines 8042 | -8/Mines | Discovered exit to Materials (range 15) 8963 | -8/Mines | Discovered exit to Materials (range 13) 8994 | -8/Mines | Entered Materials 8994 | -8/Materials | Evolved 2 slots: Propulsion x1, Utility x1 8996 | -8/Materials | Loaded intel: 1 garrison access location 9301 | -8/Materials | Build established: Scavenger-Mutant 9818 | -8/Materials | Discovered new exit (range 15) 10108 | -8/Materials | Learned location of 1 exit from Lower Caves 10160 | -8/Materials | Learned Factory security intel 10174 | -8/Materials | Identified exit to Factory 10177 | -8/Materials | Learned location of 2 exits from Lower Caves 10178 | -8/Materials | Learned location of 1 exit from Recycling 10203 | -8/Materials | Learned Factory trap positions 10230 | -8/Materials | Learned Storage security intel 11301 | -8/Materials | Learned location of Extension (-4) 11416 | -8/Materials | Learned Storage trap positions 11458 | -8/Materials | Learned location of 1 exit from Recycling 11492 | -8/Materials | Learned Recycling recycling unit intel 11583 | -8/Materials | Learned Factory interactive machine intel 11632 | -8/Materials | Build established: Mutant 11869 | -8/Materials | Central database locked down 12178 | -8/Materials | Repaired Adv. Beam Cannon 12217 | -8/Materials | Repaired Hrd. Medium Armor Plating 12248 | -8/Materials | Identified exit to Garrison 12248 | -8/Materials | Entered Garrison 12266 | -8/Garrison | Triggered checkpoint 12451 | -8/Garrison | Triggered checkpoint 12493 | -8/Garrison | Destroyed 9 combat bots 12568 | -8/Garrison | Triggered checkpoint 12760 | -8/Garrison | Triggered checkpoint 12807 | -8/Garrison | Discovered new exit (range 12) 12822 | -8/Garrison | Triggered checkpoint 12860 | -8/Garrison | Discovered new exit (range 6) 12942 | -8/Garrison | Triggered checkpoint 13090 | -8/Garrison | Triggered checkpoint 13102 | -8/Garrison | Discovered new exit (range 12) 13336 | -8/Garrison | Triggered checkpoint 13397 | -8/Garrison | Discovered new exit (range 9) 13638 | -8/Garrison | Entered Materials 13638 | -8/Materials | Accompanied by 3 allies 13639 | -8/Materials | Identified exit to Storage 13926 | -8/Materials | Core integrity fell below 50% 14031 | -8/Materials | Garrison activated, responded to threat 14131 | -8/Materials | Destroyed 8 combat bots 14482 | -8/Materials | Discovered exit to Factory (range 5) 14536 | -8/Materials | Discovered exit to Storage (range 4) 15023 | -8/Materials | Garrison activated, responded to threat 15242 | -8/Materials | Entered Storage 15243 | -8/Storage | Identified exit to Recycling 15244 | -8/Storage | Loaded intel: 12 trap records 15506 | -8/Storage | Lost 3 parts (2n1w) 15686 | -8/Storage | Discovered exit to Factory (range 16) 16087 | -8/Storage | Repaired Broken Titanium Leg+ 16132 | -8/Storage | Repaired Imp. Cooling System 16457 | -8/Storage | Core integrity fell below 20% 16747 | -8/Storage | Repaired Carbon-fiber Leg 16775 | -8/Storage | Repaired Aluminum Leg+ 16846 | -8/Storage | Repaired Carbon-fiber Leg 17179 | -8/Storage | Found Prototype Processor 17380 | -8/Storage | Entered Factory 17380 | -7/Factory | Evolved 2 slots: Propulsion x1, Weapon x1 17381 | -7/Factory | Loaded intel: 113 trap records 17383 | -7/Factory | Loaded intel: 52 interactive machine locations 17391 | -7/Factory | Central database locked down 17641 | -7/Factory | Identified exit to Lower Caves 17677 | -7/Factory | Build established: Scavenger-Tank 17722 | -7/Factory | Garrison activated, responded to threat 17854 | -7/Factory | Discovered new exit (range 15) 18070 | -7/Factory | Build established: Scavenger-Mutant 18146 | -7/Factory | Identified Exp. Targeting Computer 18802 | -7/Factory | Destroyed 7 combat bots 18811 | -7/Factory | Lost 3 parts (1p1n1u) 18835 | -7/Factory | Core integrity fell below 50% 18847 | -7/Factory | Core integrity fell below 20% 18851 | -7/Factory | Destroyed by Y-54 Guardian with Flak Gun Last Messages --------------- 18788_ Acquired 12 matter. 18790_ The unstable cave ceiling collapses. 18801_ Kicked T-07 Excavator out of the way. 18814_ Hrd. Medium Armor Plating destroyed. 18814_ Enh. Autogun destroyed. 18820_ Slug penetrates Wall. 18820_ K-01 Serf destroyed. 18822_ Aluminum Leg+ destroyed. 18824_ Carbon-fiber Leg destroyed. 18824_ Enh. Autogun destroyed. 18825_ System corrupted: Heat flow error (+145). 18825_ Aluminum Leg+ destroyed. 18826_ Slug penetrates Wall. 18827_ Carbon-fiber Leg destroyed. 18828_ Imp. Cooling System destroyed. 18829_ Slug penetrates Wall. 18834_ Imp. Carbon-fiber Leg destroyed. 18835_ Imp. Aluminum Leg+ destroyed. 18836_ Penetrated by Slug. 18846_ Slug penetrates Reinforced Barrier. Map ----- +----------------------------------------------------+ | ????????????????????????# #???????????????# [[ | | ????????????????????????# #???????????????# [ | | ????????????????###?????# #???########?####+#### | | ????????????????# ????# #???# #?# | | ????????????????# ????# #???# """ #?# | | ????????????????# ???# #???#! """ #?# | | ????????????????# " "???# #???# """ ### """ | | ????????????????# " " ??# #???#! # " """ | | ?????? ?????????# " " ?## ##??# ### "S | | ?????? ?????????# " " # #######+###?# """ | | ?????? ?######### " " # ##?# "" | | ?????? #! # " " + ^ ##?# | | ?????? # """"" # " " # "" !* #??######### | | ?????# # """"" # " " # "" ^ ** ###????????? | | ?????# # """ # " " ?# "T ^ * ""#????????? | | ?????# # # ?# "" F"#????????? | | ?????# #! """"" ######## ^""^ """"" "#????????? | | ###### # """"" + ! ! ! """"" ""#????????? | | +? + """ ##### = =![ """ ###????????? | | #?# # /#???#* #??????????? | | #?# ############## ^ #??????????? | | #?# ! ] #??????????? | | ! /#?# =% [ #??????????? | | ! ### Y= ! ############ | | ! + Y !!! u | | ### YY @ !! | | "" ## ########## T#############+################# | | G" # #????????####????????# = #???????????? | | "" # #????????????????????# [[[ #???????????? | | ==[### ###??????????????????# [[[ ! #???????????? | | [ * #??????????????????# [[ #???????????? | | /#??????????????????# #???????????? | | #??????????????????#/ " "" #???????????? | | #??????????????????# "R"" #???????????? | | # ## #??????????????????# """ #???????????? | | ####+###??????????????????# #???????????? | | #?????????????????????????#########????????????? | | ! #"?????????????????????????????????????????????? | | #T?????????????????????????????????????????????? | | #"?????????????????????????????????????????????? | | #??????????????????????????????????????????????? | | #??????????????????????????????????????????????? | | !???????????????????????????????????????????????? | | ???????????????????????????????????????????????? | | ???????????????????????????????????????????????? | | ???????????????????????????????????????????????? | | ?????????????????????????????????????????????????? | | ?????????????????????????????????????????????????? | | ?????????????????????????????????????????????????? | | ?????????????????????????????????????????????????? | +----------------------------------------------------+ Best States ------------- Heat Dissipation 61 Energy Generation 23 Energy Capacity 280 Matter Stores 300 Matter Capacity 300 Sight Range 16 Terrain Scan Density 10 Armor Coverage 450 Resistance: EM 15 Evasion (%) 55 Targeting Accuracy 8 Defensive Hacking 10 Item Schematics ----------------- Exp. Targeting Computer | -7/Factory | Scanalyzed Robot Schematics ------------------ M-13 Machinist | -10/Materials | Hacked Fabricated ------------ Nothing Repaired ---------- Hrd. Light Armor Plating | 25% | -10/Materials Autogun | 66% | -10/Materials Imp. Aluminum Leg | 27% | -9/Materials Aluminum Leg | 3% | -9/Materials Cld. Ion Engine | 33% | -9/Materials Adv. Beam Cannon | 59% | -8/Materials Hrd. Medium Armor Plating | 68% | -8/Materials Titanium Leg | 2% | -8/Storage | Broken Imp. Cooling System | 25% | -8/Storage Carbon-fiber Leg | 28% | -8/Storage Aluminum Leg | 15% | -8/Storage Carbon-fiber Leg | 39% | -8/Storage Studied --------- Nuclear Core | -8/Materials | Hacked Imp. Aluminum Leg | -8/Materials | Hacked Aluminum Leg | -8/Materials | Hacked Titanium Leg | -8/Materials | Hacked Lgt. Deuterium Engine | -8/Materials | Hacked Deuterium Engine | -7/Factory | Hacked Alien Tech Used ----------------- None Achievements -------------- None Challenges ------------ None Game ------ Seed PlatingUtilityStripper Manual? 0 Play Time 01:07:43 Cumulative 789.7 hours Start 2025.11.01 @ 17:34:30 End 2025.11.02 @ 06:03:23 Sessions 5 Manual Loads 0 Difficulty Rogue Special Mode None Game No. 396 Rogue 396 Adventurer 0 Explorer 0 Win Type - Total 66 Types 42/5/6/4/1/1/3/2/1/1 Lore% 92 Gallery% 85 Achievement% 66 Wizard Run 0 Options --------- Layout 0 ASCII 0 Keyboard 1 Movement Numpad Keybinds 0 Fullscreen 2 Font 18/SmallcapsGlow Map View 76x50 Zoom Use 0% Tactical HUD 1 Map Filters NONE Filters NONE Steam 1 RUN: 1bad9727-6ce0-4303-bf1b-cc31c34163c5